 Dungeon Crawl Stone Soup version 0.28.0-53-g5a82cb258f (webtiles) character file.

Game seed: 12312199344486837895

179 buhh the Skirmisher (level 5, -7/38 HPs)
             Began as an Octopode Transmuter on June 18, 2022.
             Mangled by Pikel
             ... wielding a +2 whip of flaming
              (14 damage)
             ... on level 4 of the Dungeon.
             The game lasted 00:07:26 (3465 turns).

buhh the Skirmisher (Octopode Transmuter)           Turns: 3465, Time: 00:07:26

Health: -7/38      AC:  1    Str: 15    XL:     5   Next: 59%
Magic:  8/8        EV: 13    Int: 18    God:
Gold:   125        SH:  0    Dex: 12    Spells: 7/8 levels left

rFire   . . .      SeeInvis .     - Unarmed
rCold   . . .      Faith    .   (no shield)
rNeg    . . .      Spirit   .   (helmet currently unavailable)
rPois   .          Reflect  .   (no amulet)
rElec   .          Harm     .   a - +6 ring of strength
rCorr   .          Rampage  .   (no ring)
Will    .....                   (no ring)
Stlth   +++.......              (no ring)
HPRegen 0.12/turn               (no ring)
MPRegen 0.11/turn               (no ring)
                                (no ring)
                                (no ring)

@: mighty, appendages (expiring)
A: tentacle spike 3, almost no armour, amphibious, 8 rings, camouflage 1,
gelatinous body 1, (nimble swimmer 1), tentacles
a: End Transformation


You were on level 4 of the Dungeon.
One of your tentacles had grown a beastly spike.
You visited 1 branch of the dungeon, and saw 4 of its levels.

You collected 125 gold pieces.

Inventory:

Jewellery
 a - a +6 ring of strength (left tentacle)
Wands
 j - a wand of charming (3)
Scrolls
 b - a scroll of fog
 d - a scroll of blinking {unknown}
 e - a scroll of immolation {unknown}
 g - 2 scrolls of identify {!d}
 t - a scroll of teleportation {!d}
 Q - a scroll of brand weapon {unknown}
Potions
 c - a potion of flight {unknown}
 h - a potion of berserk rage {!q}
 i - a potion of degeneration {unknown}


   Skills:
 * Level 4.7 Fighting
 - Level 2.0 Throwing
 - Level 2.0 Dodging
 - Level 1.0 Stealth
 - Level 3.0 Unarmed Combat
 - Level 2.0 Spellcasting
 - Level 2.0 Transmutations


You had 7 spell levels left.
You knew the following spells:

 Your Spells              Type           Power      Damage    Failure   Level
a - Beastly Appendage     Tmut           18%        N/A       8%          1

Your spell library contained the following spells:

 Spells                   Type           Power      Damage    Failure   Level
 Wereblood                Tmut           9%         N/A       12%         2
 Spider Form              Tmut/Pois      5%         N/A       34%         3
 Ice Form                 Ice/Tmut       5%         N/A       75%         4


Dungeon Overview and Level Annotations

Branches:
Dungeon (4/15)
 Temple: D:4-7

Altars:
Hepliaklqana

Annotations:
D:4 Pikel


Innate Abilities, Weirdness & Mutations

One of your tentacles has grown a beastly spike.
You cannot wear most types of armour.
You are amphibious.
You can wear up to eight rings at the same time.
Your skin changes colour to match your surroundings (Stealth+).
Your rubbery body absorbs attacks. (AC +1, EV +1)
((You are camouflaged when in or above water. (Stealth+)))
You have tentacles for arms and can constrict up to eight enemies at once.


Message History

You climb downwards.
There is a stone staircase leading up here.
(D) Dungeon
Where to? (Enter - D:4, ? - help)
You climb upwards.
There is a stone staircase leading down here.
Done exploring.
(D) Dungeon
Where to? (Enter - D:3, ? - help)
You climb downwards.
There is a stone staircase leading up here.
Key pressed, stopping explore.
One of your tentacles grows a vicious spike.
Your transformation is almost over.
Magic restored.
Your tentacle spike disappears.
A lemure comes into view.
The lemure moves out of view.
One of your tentacles grows a vicious spike.
Your transformation is almost over.
You extend your transformation's duration.
Pikel, Merchant of Souls comes into view.
He is wielding a +2 whip of flaming.
Your transformation is almost over.
Pikel shouts!
Pikel hits you with a +2 whip of flaming!
Pikel burns you.
You closely miss Pikel. Your grab misses Pikel.
Pikel hits you with a +2 whip of flaming!
Pikel burns you.
You closely miss Pikel. You grab Pikel.
You pierce Pikel.
Pikel is lightly wounded.
You constrict Pikel, but do no damage.
Pikel hits you with a +2 whip of flaming!
* * * LOW HITPOINT WARNING * * *
Pikel burns you.
* * * LOW HITPOINT WARNING * * *
You feel very mighty all of a sudden.
You constrict Pikel.
Pikel hits you with a +2 whip of flaming!
You die...

#..#.##.#.########
##.#.##..........#
#J#.##..........#
##.#.##..........#
.....##..........#
###...#..........#
#.#.#..........#
#...#.#...5###################
##..#.#.....5K@..............#
. .>..##...######.#.#######.##
# ..............#.#.....# #.#
..####...####.#.#..##.# #.#
#...# #.#.#..##.###.## #J..#
#.#.#..##......# #####
#......##..##### ####.#......#
......# #.........#.#


You could see Pikel and 2 lemures.

Vanquished Creatures
  2 orc wizards (D:3)
  3 adders
  2 worms
  3 dart slugs
  8 orcs (D:3)
  7 endoplasms
  5 giant cockroaches
  8 goblins
  3 hobgoblins
  4 jackals (D:3)
  2 kobolds
  4 quokkas
  8 ball pythons
  5 bats
  5 frilled lizards
  6 rats
75 creatures vanquished.

Vanquished Creatures (collateral kills)
  A dart slug (D:4)
  An endoplasm (D:4)
  A quokka (D:4)
3 creatures vanquished.

Vanquished Creatures (others)
  A lemure (D:4)
1 creature vanquished.

Grand Total: 79 creatures vanquished

Notes
Turn   | Place    | Note
-------+----------+-------------------------------------------
     0 | D:1      | buhh the Octopode Transmuter began the quest for the Orb.
     0 | D:1      | Reached XP level 1. HP: 13/13 MP: 3/3
   211 | D:1      | Reached XP level 2. HP: 19/19 MP: 3/5
   252 | D:1      | Reached skill level 2 in Fighting
   763 | D:1      | Reached XP level 3. HP: 18/24 MP: 4/6
  1163 | D:2      | Found a faded altar of an unknown god.
  1594 | D:2      | Reached XP level 4. HP: 30/30 MP: 5/7
  1650 | D:2      | Reached skill level 3 in Fighting
  2147 | D:3      | You fall into a shaft and drop 1 floor!
  2149 | D:4      | Noticed a lemure
  2149 | D:4      | Noticed a lemure
  2264 | D:4      | Noticed a lemure
  2477 | D:3      | Reached skill level 4 in Fighting
  2477 | D:3      | Reached XP level 5. HP: 21/37 MP: 8/8
  3057 | D:3      | Found a hazy altar of Hepliaklqana.
  3442 | D:4      | Noticed a lemure
  3458 | D:4      | Noticed Pikel
  3465 | D:4      | Mangled by Pikel

Illustrated notes

Levels and vault maps discovered:
D:1:      ebering_trefoil_twist, layout_rooms, serial_curves, eino_curves_04,
          eino_curves_03
D:2:      layout_loops_ring, nicolae_ecumenical_lake_church
D:3:      layout_basic, overflow_temple_1_default, serial_park_tiny_1
D:4:      layout_basic, uniq_pikel, uniq_eustachio, uniq_robin

Skill      XL: |  1  2  3  4 |
---------------+-------------+-----
Stealth        | 1 |  1.0
Fighting       | 2 4 |  4.7
Throwing       | 1 2 |  2.0
Dodging        | |  2.0
Unarmed Combat | |  3.0
Spellcasting   | |  2.0
Transmutations | |  2.0

Action                   |  1- 3 |  4- 6 || total
-------------------------+-------+-------++-------
Melee: Unarmed           |    79 |    81 ||   160
       Constrict         |    22 |    26 ||    48
       Kick              |    22 |    24 ||    46
       Tentacles         |    11 |    10 ||    21
       Punch             |     3 |     1 ||     4
Throw: Boomerang         |       |     6 ||     6
 Cast: Beastly Appendage |    24 |    22 ||    46
Evoke: Wand              |       |     7 ||     7
  Use: Potion            |       |     3 ||     3
       Scroll            |       |     3 ||     3
 Stab: Sleeping          |    10 |     4 ||    14
Armor: Skin              |     2 |     5 ||     7
Dodge: Dodged            |    36 |    61 ||    97
